 Dungeon Crawl Stone Soup version 0.29.0-4-gdea44cf6ec (webtiles) character file.

Game seed: 13967224351992049867

150 qw the Chopper (level 5, 0/45 HPs)
             Began as a Minotaur Fighter on Sept 6, 2022.
             Was a Follower of Ru.
             Succumbed to Ijyb's poison
             ... on level 4 of the Dungeon.
             The game lasted 00:00:59 (2777 turns).

qw the Chopper (Minotaur Fighter)                   Turns: 2777, Time: 00:00:59

Health: 0/45       AC: 11    Str: 22    XL:     5   Next: 10%
Magic:  4/4        EV:  9    Int:  5    God:    Ru [*.....]
Gold:   117        SH:  4    Dex: 10    Spells: 4/4 levels left

rFire   . . .      SeeInvis .   Y - +1 war axe (protect)
rCold   + . .      Faith    .   c - +0 buckler
rNeg    . . .      Spirit   .   b - +0 scale mail
rPois   .          Reflect  .   (helmet restricted)
rElec   .          Harm     .   (no cloak)
rCorr   .          Rampage  .   j - +0 pair of gloves
Will    .....                   (no boots)
Stlth   ..........              (no amulet)
HPRegen 0.15/turn               i - ring of protection from cold
MPRegen 0.09/turn               (no ring)

@: lethally poisoned (0 -> -19), about to teleport, corroded, under a protective
aura
A: horns 2, missing an eye, retaliatory headbutt
a: Renounce Religion


You were on level 4 of the Dungeon.
You worshipped Ru.
Ru was aware of your devotion.
You visited 2 branches of the dungeon, and saw 5 of its levels.

You collected 117 gold pieces.


Innate Abilities, Weirdness & Mutations

You have a pair of horns on your head.
You are missing an eye, making it more difficult to aim.
You reflexively headbutt those who attack you in melee.


   Skills:
 - Level 3.6 Fighting
 + Level 6.3 Axes
 - Level 3.6 Armour
 - Level 1.0 Dodging
 - Level 3.6 Shields


You had 4 spell levels left.
You didn't know any spells.
Your spell library was empty.

Inventory:

Hand Weapons
 f - a +0 flail
 Y - a +1 war axe of protection (weapon)
Armour
 b - a +0 scale mail (worn)
 c - a +0 buckler (worn)
 j - a +0 pair of gloves (worn)
Jewellery
 i - a ring of protection from cold (left hand)
Potions
 d - a potion of might
 h - a potion of curing

Dungeon Overview and Level Annotations

Branches:
Dungeon (4/15)             Temple (1/1) D:4

Altars:
Ashenzari
Cheibriados
Dithmenos
Fedhas
Gozag
Hepliaklqana
Kikubaaqudgha
Makhleb
Nemelex Xobeh
Qazlal
Ru
Sif Muna
Trog
Vehumet
Wu Jian
Zin
The Shining One

Annotations:
D:4 1 runed translucent door, Crazy Yiuf, Ijyb


Message History

You miss Ijyb.
Ijyb is lightly wounded.
Ijyb hits you but does no damage.
You are poisoned.
You barely miss Ijyb.
Ijyb is lightly wounded.
You feel very sick.
You redirect Ijyb's attack!
Ijyb closely misses herself.
Ijyb hits you but does no damage.
You closely miss Ijyb. Your headbutt misses Ijyb.
Ijyb is lightly wounded.
You feel sick. Ijyb barely misses you.
You barely miss Ijyb.
Ijyb is lightly wounded.
You feel sick.
Ijyb hits you with a +4 dagger of venom.
You barely miss Ijyb. Your headbutt misses Ijyb.
Ijyb is lightly wounded.
You feel sick. Ijyb hits you but does no damage.
You are more poisoned.
Ijyb barely misses you.
You barely miss Ijyb. Your headbutt misses Ijyb.
Ijyb is lightly wounded.
You feel very sick. Ijyb hits you but does no damage.
You are more poisoned.
You hit Ijyb.
Your weapon exudes an aura of protection.
Ijyb is lightly wounded.
You feel very sick. Ijyb hits you but does no damage.
You are lethally poisoned!
You hit Ijyb. Your headbutt misses Ijyb.
Ijyb is lightly wounded.
You feel very sick.
Ijyb zaps a wand.
The bolt of acid hits you. The acid corrodes you!
2777 ||| READING scroll of teleportation.
As you read the scroll of teleportation, it crumbles to dust.
You feel strangely unstable.
You die...

#.......##
##.##.#####
#.##.
##.>...##
#..>.....#
#.# ##
##...##
#.#####..#
#.# ##+## #.#
#..# ###.#
#..# ...#
#..#
#.#####..#
#...)....#
#.g@.....#
#.......#####
##.#.#### #.
#. #


You could see Ijyb.

Vanquished Creatures
  A necrophage (D:4)
  2 adders
  A worm (D:3)
  2 dart slugs
  2 orcs (D:4)
  6 endoplasms
  3 giant cockroaches
  7 goblins
  7 hobgoblins
  2 quokkas
  6 ball pythons
  4 bats
  4 frilled lizards
  4 kobolds (D:2)
  5 rats
56 creatures vanquished.

Notes
Turn   | Place    | Note
-------+----------+-------------------------------------------
     0 | D:1      | qw the Minotaur Fighter began the quest for the Orb.
     0 | D:1      | Reached XP level 1. HP: 19/19 MP: 0/0
     0 | D:1      | 0 ||| qw: Version: 0.1-a-107-g9ff403c
     0 | D:1      | 0 ||| qw: Game counter: 6143
     0 | D:1      | 0 ||| qw: Always use a shield: true
     0 | D:1      | 0 ||| qw: God list: Ru
     0 | D:1      | 0 ||| qw: Allow faded altars: false
     0 | D:1      | 0 ||| qw: Do Orc after D:15 true
     0 | D:1      | 0 ||| qw: Do second Lair branch before Depths: true
     0 | D:1      | 0 ||| qw: Lair rune preference: random
     0 | D:1      | 0 ||| qw: Plans: Normal
     0 | D:1      | 0 ||| PLANNING D:1-11
   159 | D:1      | 159 ||| Stepping ~*~*~tactically~*~*~ (stealth).
   161 | D:1      | Reached skill level 3 in Axes
   194 | D:1      | Reached XP level 2. HP: 26/26 MP: 1/1
   748 | D:1      | 748 ||| UPGRADING to ring of protection from cold.
   749 | D:1      | 749 ||| READING scroll labelled KOLUGUCIJE.
   750 | D:1      | 750 ||| READING scroll labelled ALAGIA SUMIR.
   837 | D:2      | Reached skill level 4 in Axes
   899 | D:2      | You fall into a shaft and drop 2 floors!
   943 | D:4      | Found a staircase to the Ecumenical Temple.
   944 | D:4      | 944 ||| PLANNING TEMPLE
   944 | D:4      | 944 ||| READING scroll labelled JEYSSO UCRY.
   954 | Temple   | Entered the Ecumenical Temple
   960 | Temple   | Became a worshipper of Ru the Awakened
   963 | Temple   | 963 ||| PLANNING D:1-11
  1066 | D:3      | Reached XP level 3. HP: 30/31 MP: 2/2
  1242 | D:3      | 1242 ||| UPGRADING to +0 pair of gloves.
  1247 | D:3      | 1247 ||| DROPPING ring of magical power.
  1248 | D:3      | 1248 ||| READING scroll labelled HUMPAT MORHOPY.
  1249 | D:3      | 1249 ||| READING 2 scrolls labelled ZUROLU JIMOTT.
  1250 | D:3      | 1250 ||| READING scroll of brand weapon.
  1250 | D:3      | 1250 ||| BRANDING +1 vorpal war axe.
  1256 | D:2      | Found a faded altar of an unknown god.
  1274 | D:2      | 1274 ||| DROPPING +0 mace.
  1347 | D:2      | 1347 ||| Stepping ~*~*~tactically~*~*~ (stealth).
  1590 | D:2      | 1590 ||| Stepping ~*~*~tactically~*~*~ (stealth).
  1787 | D:2      | Reached skill level 5 in Axes
  1929 | D:2      | 1929 ||| READING scroll labelled TEHY ZIWEADUB.
  1930 | D:2      | 1930 ||| READING scroll labelled CUFOIKOFOYH.
  1931 | D:2      | 1931 ||| READING scroll labelled SUSTIF LEIMIRY.
  2066 | D:3      | 2066 ||| INVOKING Sacrifice an Eye.
  2066 | D:3      | Gained mutation: You are missing an eye, making it more
                  | difficult to aim. [Ru sacrifice]
  2066 | D:3      | Reached * piety under Ru
  2166 | D:3      | 2166 ||| Stepping ~*~*~tactically~*~*~ (hiding).
  2306 | D:3      | Reached skill level 1 in Dodging
  2347 | D:3      | Reached XP level 4. HP: 39/39 MP: 3/3
  2417 | D:3      | 2417 ||| DRINKING 2 bubbling amethyst potions.
  2612 | D:4      | 2612 ||| DROPPING +1 antimagic whip.
  2654 | D:4      | Found a runed translucent door.
  2655 | D:4      | Noticed Crazy Yiuf
  2737 | D:4      | Noticed a necrophage
  2745 | D:4      | Killed a necrophage
  2746 | D:4      | Reached skill level 6 in Axes
  2746 | D:4      | Reached XP level 5. HP: 45/45 MP: 4/4
  2762 | D:4      | Noticed Ijyb
  2776 | D:4      | HP: 9/45 [poisoned by Ijyb]
  2776 | D:4      | HP: 4/45 [Ijyb/bolt of acid (5)]
  2777 | D:4      | 2777 ||| READING scroll of teleportation.
  2777 | D:4      | Succumbed to Ijyb's poison

Levels and vault maps discovered:
D:1:      minmay_arrival_four_houses, layout_basic
D:2:      layout_basic, ebering_ecumenical_altar_rust
D:3:      layout_loops_ring
D:4:      layout_loops_corners, minmay_temple_entry_trees,
          uniq_crazy_yiuf_cottage, uniq_ijyb
Temple:   sentei_temple_godly_chess

Skill      XL: |  1  2  3  4 |
---------------+-------------+-----
Axes           | 3 4 5 6 |  6.3
Dodging        | 1 |  1.0
Fighting       | |  3.6
Armour         | |  3.6
Shields        | |  3.6

Action                   |  1- 3 |  4- 6 || total
-------------------------+-------+-------++-------
Melee: War axe           |    92 |    34 ||   126
       Headbutt          |     9 |     3 ||    12
Invok: Sacrifice an Eye  |     1 |       ||     1
  Use: Scroll            |     9 |     1 ||    10
       Potion            |       |     1 ||     1
Armor: Scale mail        |    19 |    19 ||    38
Dodge: Dodged            |    17 |    10 ||    27
Block: Buckler           |    13 |     7 ||    20

Table legend:
 A = Non-vault XP
 B = Vault XP
 C = Vault XP percentage of total XP
 D = Non-vault monster count
 E = Vault monster count
 F = Vault count percentage of total count
                 A         B        C        D         E       F
            +---------+---------+-------+---------+---------+-------
      Total |     215 |       0 |   0.0 |      56 |       0 |   0.0
            +---------+---------+-------+---------+---------+-------
        D:1 |      28 |       0 |   0.0 |      17 |       0 |   0.0
        D:2 |      31 |       0 |   0.0 |      19 |       0 |   0.0
        D:3 |      39 |       0 |   0.0 |      13 |       0 |   0.0
        D:4 |     117 |       0 |   0.0 |       7 |       0 |   0.0
            +---------+---------+-------+---------+---------+-------
